 Dungeon Crawl Stone Soup version 0.23-a0-171-g5ae17c6e89 (webtiles) character file.

88 Holzbalken the Stinger (level 4, -3/30 HPs)
             Began as a Demonspawn Venom Mage on Sept 12, 2018.
             Slain by a worm (4 damage)
             ... on level 3 of the Dungeon on Sept 13, 2018.
             The game lasted 00:12:15 (2344 turns).

Holzbalken the Stinger (Demonspawn Venom Mage)      Turns: 2344, Time: 00:12:15

Health: -3/30      AC:  5    Str:  8    XL:     4   Next: 30%
Magic:  3/8        EV: 10    Int: 16    God:
Gold:   157        SH:  3    Dex: 15    Spells: 7/8 levels left

rFire    . . .     SeeInvis .   h - +0 dagger
rCold    . . .     Gourm    .   q - +0 buckler
rNeg     . . .     Faith    .   f - +0 ring mail
rPois    .         Spirit   .   (helmet restricted)
rElec    .         Reflect  .   (no cloak)
rCorr    .         Harm     .   (no gloves)
MR       .....                  (no boots)
Stlth    +.........             (no amulet)
HPRegen  0.10/turn              (no ring)
MPRegen  0.11/turn              (no ring)

@: very slightly contaminated
A: antennae 1, demonic guardian 1
a: no special abilities


You were on level 3 of the Dungeon.
You were not hungry.

You visited 1 branch of the dungeon, and saw 3 of its levels.

You collected 157 gold pieces.

Inventory:

Hand Weapons
 h - a +0 dagger (weapon)
Armour
 a - a +0 robe
 f - a +0 ring mail (worn)
 q - a +0 buckler (worn)
Wands
 o - a wand of polymorph (16)
Scrolls
 e - 3 scrolls of identify {unknown}
 g - a scroll of enchant weapon {unknown}
 j - a scroll of fear {unknown}
 k - a scroll of teleportation {unknown}
 n - a scroll of immolation {unknown}
 p - a scroll of remove curse {unknown}
 r - a scroll of blinking {unknown}
 s - a scroll of amnesia {unknown}
Potions
 b - a potion of brilliance {unknown}
 i - a potion of lignification {unknown}
 l - a potion of curing {unknown}
 m - a potion of resistance {unknown}
Comestibles
 c - 7 rations
 d - a chunk of flesh


   Skills:
 + Level 2.2 Dodging
 - Level 1.7 Stealth
 * Level 2.7 Spellcasting
 * Level 2.3 Conjurations
 * Level 3.7 Poison Magic


You had 7 spell levels left.
You knew the following spells:

 Your Spells              Type           Power        Failure   Level  Hunger
a - Sting                 Conj/Pois      ##..         30%         1    #......

Your spell library contained the following spells:

 Spells                   Type           Power        Failure   Level  Hunger
 Poisonous Vapours        Pois/Air       #.....       58%         2    ##.....
 Mephitic Cloud           Conj/Pois/Air  #.......     80%         3    ###....
 Olgreb's Toxic Radiance  Pois           ##......     91%         4    #####..
 Venom Bolt               Conj/Pois      ##........   100%        5    ######.


Dungeon Overview and Level Annotations

Branches:
Dungeon (3/15)

Altars:
Hepliaklqana


Innate Abilities, Weirdness & Mutations

You have a pair of small antennae on your head.
A weak demonic guardian rushes to your aid.


Message History

You barely miss the worm.
The worm is severely wounded.
The worm bites you!
* * * LOW HITPOINT WARNING * * *
Casting: Sting (safe; 30% risk of failure)
Confirm with . or Enter, or press ? or * to list all spells.
Aiming: Sting (safe; 30% risk of failure)
Press: ? - help, Shift-Dir - straight line, f/p - worm
Aim: a worm (severely wounded)
The sting hits the worm.
The worm is almost dead.
Casting: Sting (safe; 30% risk of failure)
Confirm with . or Enter, or press ? or * to list all spells.
Aiming: Sting (safe; 30% risk of failure)
Press: ? - help, Shift-Dir - straight line, f/p - worm
Aim: a worm (almost dead)
You miscast Sting.
You are very lightly contaminated with residual magic.
You feel faint for a moment. The worm bites you.
You die...

#.##.....###.##..###..#.#
#.##.....#..............#
#.##.###.#.#..##.....##.#
..##.###.#.#..##....###.#
##.........##.###.......#
#.######...#.#
##.#....#.#. ##.#
...#.####.#........
...### .#.##.....##.###.
........ +...@w.........K
######## #.......#.#.####
#####.....# # #+#.#?#
..#.# ..#.# .....# .


You could see a worm.

Vanquished Creatures
  3 adders (D:2)
  2 dart slugs (D:2)
  2 leopard geckos (D:1)
  A giant cockroach (D:2)
  5 goblins
  8 hobgoblins
  3 kobolds
  A ball python (D:2)
  6 bats
  6 frilled lizards
  3 rats
40 creatures vanquished.

Vanquished Creatures (collateral kills)
  A crimson imp (D:2)
1 creature vanquished.

Grand Total: 41 creatures vanquished

Notes
Turn   | Place    | Note
-------+----------+-------------------------------------------
     0 | D:1      | Holzbalken the Demonspawn Venom Mage began the quest for
                  | the Orb.
     0 | D:1      | Reached XP level 1. HP: 13/13 MP: 3/3
   373 | D:1      | Gained mutation: A weak demonic guardian rushes to your
                  | aid. [demonic ancestry]
   373 | D:1      | Reached XP level 2. HP: 14/19 MP: 3/5
  1046 | D:2      | Found a hazy altar of Hepliaklqana.
  1146 | D:2      | Gained mutation: You have a pair of small antennae on your
                  | head. [demonic ancestry]
  1146 | D:2      | Reached XP level 3. HP: 24/24 MP: 3/6
  1512 | D:2      | Reached XP level 4. HP: 24/30 MP: 1/8
  1599 | D:2      | Upgraded the game from 0.23-a0-169-gb21e69520c to
                  | 0.23-a0-171-g5ae17c6e89
  2342 | D:3      | HP: 1/30 [worm (8)]
  2344 | D:3      | Slain by a worm

Vault maps used:
D:1:      lemuel_arrival_muddy
D:2:      nicolae_overflow_crystal_walls, first_ration, minmay_surrounded
D:3:      nrook_mini_backslash, kennysheep_generic_room_12, uniq_terence

Skill      XL: |  1  2  3 |
---------------+----------+-----
Dodging        | 2 |  2.2
Conjurations   | 2 |  2.3
Stealth        | |  1.7
Spellcasting   | |  2.7
Poison Magic   | |  3.7

Action                   |  1- 3 |  4- 6 || total
-------------------------+-------+-------++-------
Melee: Dagger            |    81 |    44 ||   125
       Unarmed           |     3 |       ||     3
 Cast: Sting             |    33 |    21 ||    54
 Stab: Sleeping          |       |     1 ||     1
  Eat: Chunk             |     2 |     3 ||     5
Armor: Ring mail         |    25 |    12 ||    37
Dodge: Dodged            |    49 |    14 ||    63
Block: Buckler           |       |     2 ||     2

Table legend:
 A = Non-vault XP
 B = Vault XP
 C = Vault XP percentage of total XP
 D = Non-vault monster count
 E = Vault monster count
 F = Vault count percentage of total count
                 A         B        C        D         E       F
            +---------+---------+-------+---------+---------+-------
      Total |     107 |      20 |  15.7 |      37 |       4 |   9.8
            +---------+---------+-------+---------+---------+-------
        D:1 |      19 |       0 |   0.0 |      12 |       0 |   0.0
        D:2 |      82 |      17 |  17.2 |      22 |       2 |   8.3
        D:3 |       6 |       3 |  33.3 |       3 |       2 |  40.0
            +---------+---------+-------+---------+---------+-------
